 Dungeon Crawl Stone Soup version 0.29.1-4-g47bece8355 (webtiles) character file.

Game seed: 5059252917052962848

4 mester the Vexing (level 1, -2/7 HPs)
             Began as a Felid Enchanter on Dec 1, 2022.
             Slain by a quokka (5 damage)
             ... on level 1 of the Dungeon.
             The game lasted 00:01:21 (78 turns).

mester the Vexing (Felid Enchanter)                   Turns: 78, Time: 00:01:22

Health: -2/7       AC:  1    Str:  4    XL:     1   Next: 50%
Magic:  4/4        EV: 17    Int: 16    God:
Gold:   0          SH:  0    Dex: 16    Spells: 4/4 levels left
                                        Lives:  0   Deaths: 0

rFire   . . .      SeeInvis +     - Unarmed
rCold   . . .      Faith    .   (shield unavailable)
rNeg    . . .      Spirit   .   (body armour unavailable)
rPois   .          Reflect  .   (helmet unavailable)
rElec   .          Harm     .   (cloak unavailable)
rCorr   .          Rampage  .   (gloves unavailable)
Will    .....                   (boots unavailable)
Stlth   +++.......              (no amulet)
HPRegen 0.02/turn               (no ring)
MPRegen 0.09/turn               (no ring)

@: quick
A: very small, claws 1, fangs 3, see invisible, speed 1, shaggy fur 1, stealthy
paws, no weapons or thrown items, no armour, multi-lived
a: no special abilities


You were on level 1 of the Dungeon.
You visited 1 branch of the dungeon, and saw 1 of its levels.

Inventory:

Hand Weapons
 b - a +0 sling
 c - a +0 hand axe
Potions
 a - 2 potions of invisibility


   Skills:
 + Level 2.6 Dodging
 + Level 4.1 Stealth
 + Level 1.0 Unarmed Combat
 + Level 2.0 Spellcasting
 + Level 4.7 Hexes


You had 4 spell levels left.
You didn't know any spells.
Your spell library contained the following spells:

 Spells                   Type           Power      Damage    Failure   Level
 Confusing Touch          Hex            16%        N/A       9%          3
 Tukima's Dance           Hex            16%        N/A       9%          3
 Ensorcelled Hibernation  Hex/Ice        18%        N/A       12%         2
 Dazzling Flash           Conj/Hex       18%        N/A       24%         3


Dungeon Overview and Level Annotations

Branches:
Dungeon (1/15)

Altars:


Innate Abilities, Weirdness & Mutations

You have sharp claws.
You have razor-sharp teeth.
You have supernaturally acute eyesight. (SInv)
You cover ground quickly. (Speed+)
You are covered in fur. (AC +1)
Your paws help you pounce on unaware monsters.
You are incapable of wielding weapons or throwing items.
You cannot wear armour.
You gain extra lives every three experience levels.


Message History

A quokka comes into view.
You see here a +0 hand axe.
c - a +0 hand axe
Okay, then.
You scratch the ball python.
You kill the ball python!
You scratch the frilled lizard.
You kill the frilled lizard!
A ball python comes into view.
Found a metallic puce potion.
You see here 13 gold pieces.
Found 13 gold pieces.
The ball python hisses angrily.
A frilled lizard and a goblin come into view.
Found 9 gold pieces.
The ball python bites you. The ball python closely misses you.
You scratch the ball python but do no damage.
The ball python closely misses you. The ball python barely misses you.
You scratch the ball python.
You kill the ball python!
Found a spear.
A goblin comes into view. It is wielding a +0 dagger.
You scratch the frilled lizard.
You kill the frilled lizard!
The goblin shouts!
A quokka comes into view.
You see here 13 gold pieces.
You closely miss the goblin. The goblin hits you with a +0 club.
You scratch the goblin.
You kill the goblin!
A quokka comes into view.
You see here 13 gold pieces.
You scratch the quokka.
The quokka is almost dead.
The quokka misses you.
You closely miss the quokka.
The quokka is almost dead.
The quokka bites you.
Ouch! That really hurt!
You die...

..# #.# #..## .......##
#.# #...##
........#######.####.....
.........#...##........##
...............$......†..
...............#####.....
....$.....†....#####.....
.........................
......gr@.....####.......
.).......#..!.# #..##.#.#
.......r#####.# #.. #.#.#
......).# #....## ..#..
........# ####.. #..###
.......## ..S.. .......
.. ######. ... #. .##


You could see 2 quokkas and a goblin.

Vanquished Creatures
  2 ball pythons (D:1)
  2 frilled lizards (D:1)
  A goblin (D:1)
5 creatures vanquished.

Notes
Turn   | Place    | Note
-------+----------+-------------------------------------------
     0 | D:1      | mester the Felid Enchanter began the quest for the Orb.
     0 | D:1      | Reached XP level 1. HP: 7/7 MP: 4/4
    78 | D:1      | Slain by a quokka

Illustrated notes

Levels and vault maps discovered:
D:1:      amcnicky_arrival_single_pillar, layout_rooms,
          nicolae_ecumenical_snake_handling

Action                   || total
-------------------------++-------
Melee: Unarmed           ||     9
Dodge: Dodged            ||     4
